 Dungeon Crawl Stone Soup version 0.27-a0-1324-ge0d8e047f6 (webtiles) character file.

Game seed: 3281913651636698092

170 Sobieck the Distorting Demonspawn (level 5, -6/42 HPs)
             Began as a Demonspawn Abyssal Knight on June 23, 2021.
             Was a Believer of Lugonu.
             Mangled by Sigmund (9 damage)
             ... on level 2 of the Dungeon.
             The game lasted 00:04:54 (2432 turns).

Sobieck the Distorting Demonspawn (DsAK)            Turns: 2432, Time: 00:04:54

Health: -6/42      AC:  4    Str: 14    XL:     5   Next: 25%
Magic:  8/8        EV: 11    Int: 13    God:    Lugonu [**....]
Gold:   60         SH:  0    Dex: 12    Spells: 4/4 levels left

rFire    . . .     SeeInvis .   a - +1 hand axe {axe}
rCold    . . .     Faith    .   (no shield)
rNeg     . . .     Spirit   .   l - +0 leather armour
rPois    .         Reflect  .   (no helmet)
rElec    .         Harm     .   i - scarf {+Inv}
rCorr    .         Rampage  .   q - +0 pair of gloves
Will     .....                  (no boots)
Stlth    +.........             (no amulet)
HPRegen  0.14/turn              (no ring)
MPRegen  0.11/turn              (no ring)

@: confused
A: talons 2
a: Renounce Religion, Evoke Invisibility, Depart the Abyss, Bend Space


You were on level 2 of the Dungeon.
You worshipped Lugonu.
Lugonu was pleased with you.
You visited 1 branch of the dungeon, and saw 3 of its levels.
You visited the Abyss 1 time.

You collected 60 gold pieces.


Innate Abilities, Weirdness & Mutations

You have razor-sharp toenails.


   Skills:
 + Level 3.9 Fighting
 + Level 2.9 Axes
 + Level 2.9 Armour
 - Level 0.8 Dodging
 + Level 4.1 Invocations


You had 4 spell levels left.
You didn't know any spells.
Your spell library was empty.

Inventory:

Hand Weapons
 a - a +1 hand axe (weapon) {axe}
 b - a +0 hunting sling {sling}
   (You found it on level 1 of the Dungeon)
 h - a +2 whip of draining {mace}
   (You took it off a kobold on level 1 of the Dungeon)
 j - a +0 whip of venom {mace}
   (You took it off a gnoll on level 1 of the Dungeon)
Missiles
 c - 30 bolts
 e - 55 arrows
 k - 52 stones {throwing}
 n - 12 sling bullets
Armour
 i - a scarf of invisibility (worn)
   (You found it on level 2 of the Dungeon)
 l - a +0 leather armour (worn)
 q - a +0 pair of gloves (worn)
   (You found it on level 2 of the Dungeon)
Scrolls
 f - a scroll of identify {unknown}
 g - a scroll of teleportation {unknown}
 o - a scroll of amnesia {unknown}
Potions
 d - 2 potions of curing {@q1}
 m - a potion of brilliance {unknown}
 p - a potion of berserk rage {unknown}

Dungeon Overview and Level Annotations

Branches:
Dungeon (3/15)

Altars:

Shops:
D:2 :

Annotations:
D:1 exclusion: 2 downstairs
D:2 Sigmund

)............# #..##...#####..<..
..................#....##........
...#.........###.......#.........
...#...##..#.##..................
...#....#.##.##........##...#####
...#.#...............^[...###
............#.##.......#.##
.).....................#.#
...#.......#....@@.......#
.>...##................########
....## .......#.......####.!.#
...## ..(....##........##...#
...... ....... ###..##.......#
..#### ....... ########..(.# #.#
....... ##...# #.# .... #...# #.#
#...#


You could see Sigmund.


Message History

Natasha screams in pain as she dies!
You have reached level 5!
Your demonic ancestry asserts itself...
Your toenails lengthen and sharpen. 😕 HP[+4] MP[+1]
You now have 42 max hp (+5).
You regained 4 hp, and now have 39/42 hp.
Your mp is fully restored (8).
Okay, then.
Unknown command.
k - 25 stones {throwing} (gained 1)
k - 26 stones {throwing} (gained 1)
k - 53 stones {throwing} (gained 27)
e - 55 arrows (gained 16)
An adder is nearby! 😎 HP[+3]
Your hp is fully restored (42).
You slash the adder! The adder closely misses you.
The adder bites you. 😕 HP[-2]
You take 2 damage, and now have 40/42 hp.
You closely miss the adder. Your kick misses the adder.
The adder bites you. 😕 HP[-4]
You take 4 damage, and now have 36/42 hp.
You hit the adder.
You kill the adder!
Lugonu accepts your kill.
(D) Dungeon
Where to? (Enter - D:3, ? - help)
There is a stone staircase leading down here.
You climb downwards.
There is a stone staircase leading up here. 😕 HP[+3]
You regained 3 hp, and now have 39/42 hp.
You climb upwards.
There is a stone staircase leading down here.
Sigmund the Dreaded comes into view.
He is wielding a +0 scythe of protection.
Sigmund shouts! 😎 HP[+3]
Your hp is fully restored (42).
b - a +0 hunting sling (weapon)
{sling} Sigmund's eyes start glowing with a red light.
You shoot a stone {throwing}.
The stone {throwing} closely misses Sigmund.
Sigmund says, "Look into my eyes."
a - a +1 hand axe (weapon)
{axe} Sigmund misses you.
Sigmund hits you with a +0 scythe of protection! 😕 HP[-10]
You take 10 damage, and now have 32/42 hp.
MASSIVE DAMAGE!! (PAUSE) Space bends around you!
You blink. 😮 HP[-2] MP[-1]
You take 2 damage, and now have 30/42 hp.
You lost 1 mp, and now have 7/8 mp.
Sigmund hits you from afar with a +0 scythe of protection. 😮 HP[-3]
You take 3 damage, and now have 27/42 hp.
Sigmund casts a spell at you. You resist with some effort.
You hit Sigmund. Your kick misses Sigmund.
Sigmund screams, "Don't try to resist!"
Sigmund hits you with a +0 scythe of protection!
* * * LOW HITPOINT WARNING * * *
😨 HP[-9]
You take 9 damage, and now have 18/42 hp.
MASSIVE DAMAGE!! (PAUSE)
You closely miss Sigmund. You claw Sigmund. Sigmund closely misses you.
You hit Sigmund but do no damage. Sigmund closely misses you.
You hit Sigmund but do no damage. Your kick misses Sigmund.
Sigmund barely misses you.
You barely miss Sigmund. You claw Sigmund, but do no damage.
Sigmund hits you with a +0 scythe of protection.
* * * LOW HITPOINT WARNING * * *
Sigmund hits you with a +0 scythe of protection.
* * * LOW HITPOINT WARNING * * *
😨 HP[-7] MP[+1]
You take 7 damage, and now have 11/42 hp.
Your mp is fully restored (8).
Unknown command.
Space bends around you!
You blink.
Sigmund hits you with a +0 scythe of protection!
* * * LOW HITPOINT WARNING * * *
😱 HP[-10] MP[-1]
You take 10 damage, and now have 1/42 hp.
MASSIVE DAMAGE!! (PAUSE)
You lost 1 mp, and now have 7/8 mp.
Sigmund closely misses you.
Sigmund says, "Now you see me, now you don't..." 😱 HP[+1] Sigmund casts a spell at you.
You are confused.
Sigmund closely misses you. 😱 MP[+1]
Your mp is fully restored (8). 😱 HP[+1] Unknown command.
Sigmund hits you with a +0 scythe of protection!
You die...

Skill      XL: |  1  2  3  4 |
---------------+-------------+-----
Axes           | 2 |  2.9
Armour         | 2 |  2.9
Invocations    | 3 4 |  4.1
Fighting       | |  3.9
Dodging        | |  0.8

Action                   |  1- 3 |  4- 6 || total
-------------------------+-------+-------++-------
Melee: Hand axe          |    59 |    56 ||   115
       Kick              |    18 |    17 ||    35
 Fire: Hunting sling     |    19 |    22 ||    41
Invok: Depart the Abyss  |     1 |       ||     1
       Bend Space        |       |     2 ||     2
  Use: Potion            |       |     1 ||     1
 Stab: Sleeping          |     1 |       ||     1
Armor: Leather armour    |    16 |    14 ||    30
Dodge: Dodged            |    35 |    40 ||    75

Levels and vault maps discovered:
D:1:      lightli_molten_gateway, layout_rooms, grunt_decor_clamped,
          minmay_tetromino_s4
D:2:      layout_rooms, serial_shops, shop, kennysheep_crisscross, uniq_natasha,
          uniq_sigmund
D:3:      layout_basic, overflow_temple_1_default, evilmike_ruin_ashenzari,
          nicolae_dithmenos_through_a_glass_darkly, serial_shops, shop

Notes
Turn   | Place    | Note
-------+----------+-------------------------------------------
     0 | Abyss:1  | Sobieck the Demonspawn Abyssal Knight began the quest for
                  | the Orb.
     0 | Abyss:1  | Reached XP level 1. HP: 18/18 MP: 2/2
     0 | Abyss:1  | magus.rc [v1.9.6]
    98 | Abyss:1  | Found a corrupted altar of Lugonu.
   163 | Abyss:1  | Noticed an ancient zyme
   178 | D:1      | You pass through the gate.
   178 | D:1      | Escaped the Abyss
   216 | D:1      | Reached * piety under Lugonu
   363 | D:1      | Reached skill level 2 in Axes
   363 | D:1      | Reached skill level 2 in Armour
   363 | D:1      | Gained mutation: You have sharp toenails. [demonic
                  | ancestry]
   363 | D:1      | Reached XP level 2. HP: 18/24 MP: 4/4
   744 | D:1      | Reached skill level 3 in Invocations
   933 | D:1      | Reached XP level 3. HP: 29/29 MP: 5/5
  1365 | D:1      | Reached XP level 4. HP: 10/35 MP: 6/6
  1365 | D:1      | HP: 7/35 [poisoned by a gnoll]
  1886 | D:3      | Reached ** piety under Lugonu
  2164 | D:2      | Found Wielih's Book Boutique.
  2232 | D:2      | Reached skill level 4 in Invocations
  2271 | D:2      | Noticed Natasha
  2295 | D:2      | Killed Natasha
  2296 | D:2      | Gained mutation: You have razor-sharp toenails. [demonic
                  | ancestry]
  2296 | D:2      | Reached XP level 5. HP: 39/42 MP: 8/8
  2408 | D:2      | Noticed Sigmund
  2421 | D:2      | HP: 1/42 [Sigmund (8)]
  2432 | D:2      | Mangled by Sigmund

Vanquished Creatures
  Natasha (D:2)
  7 gnolls
  3 adders
  2 dart slugs
  4 ball pythons
  3 bats
  4 endoplasms
  2 giant cockroaches (D:1)
  2 goblins (D:1)
  3 hobgoblins (D:1)
  4 jackals (D:2)
  4 kobolds (D:1)
  A quokka (D:2)
  3 frilled lizards
  5 rats (D:1)
48 creatures vanquished.

Vanquished Creatures (others)
  A dart slug (D:1)
1 creature vanquished.

Grand Total: 49 creatures vanquished

Table legend:
 A = Non-vault XP
 B = Vault XP
 C = Vault XP percentage of total XP
 D = Non-vault monster count
 E = Vault monster count
 F = Vault count percentage of total count
                 A         B        C        D         E       F
            +---------+---------+-------+---------+---------+-------
      Total |     202 |      41 |  16.9 |      46 |       3 |   6.1
            +---------+---------+-------+---------+---------+-------
        D:1 |      64 |       6 |   8.6 |      25 |       2 |   7.4
        D:2 |      94 |      35 |  27.1 |      18 |       1 |   5.3
        D:3 |      44 |       0 |   0.0 |       3 |       0 |   0.0
            +---------+---------+-------+---------+---------+-------

Illustrated notes

Table legend:
 A = Kills in this place as a percentage of kills in entire the game.
 B = Kills by you in this place as a percentage of kills by you in the entire game.
 C = Kills by friends in this place as a percentage of kills by friends in the entire game.
 D = Other kills in this place as a percentage of other kills in the entire game.
 E = Experience gained in this place as a percentage of experience gained in the entire game.
 F = Experience gained in this place divided by the number of levels of this place that you have seen.
                   A       B       C       D       E      F
               +-------+-------+-------+-------+-------+----------------------
         Total | 100.0 | 100.0 |   N/A | 100.0 | 100.0 |  60.8
       Dungeon | 100.0 | 100.0 |   N/A | 100.0 | 100.0 |  81.0
               +-------+-------+-------+-------+-------+----------------------

Table legend: (Time is in decaauts)
 A = Elapsed time spent in this place.
 B = Non-inter-level travel time spent in this place.
 C = Inter-level travel time spent in this place.
 D = Time resting spent in this place.
 E = Time spent auto-exploring this place.
 F = Levels seen in this place.
 G = Mean time per level.
                   A        B        C        D        E       F      G
               +--------+--------+--------+--------+--------+-----+--------+
         Total |   2459 |   2362 |     97 |    930 |    971 |   4 |  614.8 |
       Dungeon |   2278 |   2181 |     97 |    930 |    805 |   3 |  759.3 |
         Abyss |    181 |    181 |      0 |      0 |    166 |   1 |  181.0 |
               +--------+--------+--------+--------+--------+-----+--------+

Top non-repeatable levels by time:
     D:1: 1271 daAuts
     D:2: 618 daAuts
     D:3: 388 daAuts
 Abyss:1: 181 daAuts
